 Dungeon Crawl Stone Soup version 0.31.0-32-g396128a36d (webtiles) character file.

Game seed: 11459768714394837024

231 Alphaeus the Ruffian (level 5, 0/49 HPs)
             Began as a Troll Shapeshifter on Mar 19, 2024.
             Slain by a gnoll
             ... wielding a +0 halberd
             ... led by a gnoll sergeant
              (16 damage)
             ... on level 4 of the Dungeon.
             The game lasted 00:02:11 (2663 turns).

Alphaeus the Ruffian (Troll Shapeshifter)           Turns: 2663, Time: 00:02:12

Health: 0/49       AC:  4    Str: 24    XL:     5   Next: 73%
Magic:  4/4        EV:  9    Int:  6    God:
Gold:   182        SH:  0    Dex:  9    Spells: 4/4 levels left

rFire   . .          .
                       - Unarmed
rCold   . . .        (no shield)
rNeg    . . .        a - +0 animal skin
rPois   .            (helmet currently unavailable)
rElec   .            (cloak currently unavailable)
rCorr   .            (gloves unavailable)
SInv    .            (boots unavailable)
Will    .....        (no amulet)
Stlth   +            (no ring)
HPRegen 1.08/turn    (no ring)
MPRegen 0.09/turn

%: no passive effects
@: beast-form
A: beast (slay +2), large, unfitting armour, claws 3, regeneration 1, shaggy fur
1, tough skin 1
a: Begin Untransformation


You were on level 4 of the Dungeon.
You were a hulking beast.
You visited 1 branch of the dungeon, and saw 4 of its levels.

You collected 182 gold pieces.

Inventory:

Armour
 a - a +0 animal skin (worn)
Talismans
 c - a beast talisman
 d - a flux talisman
Scrolls
 e - 2 scrolls of vulnerability {unknown}
 f - 2 scrolls of noise {unknown}
 i - a scroll of amnesia {unknown}
 j - a scroll of blinking {unknown}
 l - a scroll of butterflies {unknown}
 m - a scroll of teleportation {unknown}
 o - 2 scrolls of identify {unknown}
 q - a scroll of torment {unknown}
 r - a scroll of enchant weapon {unknown}
Potions
 b - a potion of lignification
 g - a potion of enlightenment {unknown}
 h - a potion of mutation {unknown}
 k - a potion of might {unknown}
 n - a potion of attraction {unknown}
 p - a potion of resistance {unknown}


   Skills:
 + Level 2.1 Fighting
 - Level 1.5 Dodging
 * Level 4.7 Unarmed Combat
 * Level 4.4 Shapeshifting


You had 4 spell levels left.
You didn't know any spells.
Your spell library contained the following spells:

 Spells                   Type           Power      Damage    Failure   Level
 Call Imp                 Summ           0%         N/A       58%         2
 Sublimation of Blood     Necr           0%         N/A       58%         2
 Petrify                  Alch/Erth      0%         N/A       99%         4
 Irradiate                Conj/Alch      0%         3d11      100%        5
 Summon Hydra             Summ           0%         N/A       100%        7


Dungeon Overview and Level Annotations

Branches:
Dungeon (4/15)
 Temple: D:4-7

Altars:
Yredelemnul


Innate Abilities, Weirdness & Mutations

You are a hulking beast.
Your limbs bulge with bestial killing power. (Slay +2)
You are too large for most types of armour.
You have claws for hands.
Your natural rate of healing is unusually fast.
You are covered in fur. (AC +1)
You have tough skin. (AC +1)


Message History

The gnoll sergeant hits you with a +0 trident!
The gnoll sergeant hits you from afar with a +0 trident!
There is a stone staircase leading up, spattered with blood here.
You are too injured to fight recklessly!
You are too injured to fight recklessly!
You are too injured to fight recklessly!
The gnoll hits you with a +0 whip!
* * * LOW HITPOINT WARNING * * *
The gnoll sergeant hits you from afar with a +0 trident.
* * * LOW HITPOINT WARNING * * *
You climb upwards.
There is a stone staircase leading down here.
You claw the gnoll!
You kill the gnoll!
You see here a +0 whip.
There is a stone staircase leading down here.
You start resting.
HP restored.
You climb downwards.
There is a stone staircase leading up, spattered with blood here.
The gnoll sergeant barely misses you.
The orc wizard mumbles some strange words.
The orc wizard flickers and vanishes!
Deactivating autopickup; reactivate with Ctrl-A.
The gnoll sergeant closely misses you. The gnoll barely misses you.
You barely miss the gnoll sergeant. The gnoll closely misses you.
The gnoll sergeant hits you with a +0 trident.
The gnoll closely misses you.
You scratch the gnoll sergeant.
The gnoll sergeant is lightly wounded.
The gnoll hits you from afar with a +0 spear.
The gnoll sergeant completely misses you.
The orc wizard gestures at you while chanting.
The magic dart hits you! The gnoll hits you with a +0 halberd!
You scratch the gnoll sergeant.
The gnoll sergeant is lightly wounded.
The gnoll barely misses you.
The gnoll sergeant hits you with a +0 trident!
The gnoll hits you with a +0 halberd!
You die...

###.#.....###...)........###
.##.####..##.....##.....##
....# ##.......####....#
#..## ##.......###.....#
#...## #...............##
.....###.#####.......###
...#....## #......##.#
.#####.## #....<....# ##
##.#######.gh...##.###
##.........ggo..###...## #
##.........{o....####.#.#
###..#.......r####..###...#
##..#.........# ##..##.###
...#......f##.# ##...##
#.........###.# #.###
#.........# #g## #.#
....##....###..# ##.#


You could see a sleepcap, a gnoll sergeant, an orc wizard, 2 gnolls, an orc and
a quokka.

Vanquished Creatures
  A howler monkey (D:4)
  A bombardier beetle (D:3)
  Jessica (D:2)
  An orc wizard (D:3)
  A gnoll (D:3)
  3 adders
  3 dart slugs
  8 orcs
  3 endoplasms
  4 giant cockroaches
  7 hobgoblins
  3 jackals (D:1)
  A quokka (D:1)
  8 ball pythons
  4 bats
  5 frilled lizards
  3 goblins
  4 kobolds
  7 rats
  A spectral goblin (D:2)
69 creatures vanquished.

Notes
Turn   | Place    | Note
-------+----------+-------------------------------------------
     0 | D:1      | Alphaeus the Troll Shapeshifter began the quest for the
                  | Orb.
     0 | D:1      | Reached XP level 1. HP: 18/18 MP: 0/0
   117 | D:1      | Reached skill level 1 in Fighting
   161 | D:1      | Reached XP level 2. HP: 27/27 MP: 1/1
   392 | D:1      | Reached XP level 3. HP: 33/33 MP: 2/2
  1041 | D:2      | Noticed Jessica
  1046 | D:2      | Killed Jessica
  1061 | D:2      | Found a faded altar of an unknown god.
  1663 | D:3      | Reached XP level 4. HP: 39/41 MP: 3/3
  1919 | D:3      | Reached XP level 5. HP: 40/49 MP: 4/4
  2112 | D:4      | Found a basalt altar of Yredelemnul.
  2663 | D:4      | Slain by a gnoll

Illustrated notes

Levels and vault maps discovered:
D:1:      erik_arrival_blinker_ship, layout_basic, amethyst_killhole
D:2:      layout_basic, dreamdust_ecumenical_altar_drowned_temple, minivault_14,
          kennysheep_crisscross, uniq_jessica
D:3:      layout_basic, minmay_misc_feat_more_columns
D:4:      layout_layer_cave, mainiacjoe_overflow_small_starburst, serial_rivers,
          chequers_serial_rivers_room_b, chequers_serial_rivers_micro_c,
          chequers_serial_rivers_room_b, chequers_serial_rivers_micro_c,
          chequers_serial_rivers_small_a, uniq_crazy_yiuf_cottage

Skill      XL: |  1  2  3  4  5 |
---------------+----------------+-----
Fighting       | 1 2 |  2.1
Unarmed Combat | 4 |  4.7
Shapeshifting  | 4 |  4.4
Dodging        | |  1.5

Action                     |  1- 3 |  4- 6 || total
---------------------------+-------+-------++-------
  Melee: Unarmed           |    86 |    80 ||   166
         Punch             |     1 |     2 ||     3
 Armour: Animal skin       |    47 |    78 ||   125
  Dodge: Dodged            |    31 |    53 ||    84
